 Dungeon Crawl Stone Soup version 0.21.1-1-g345015fe64 (webtiles) character file.

21309 Lentor the Fighter (level 12, -10/113 HPs)
             Began as a Grey Draconian Berserker on June 8, 2018.
             Was an Elder of Trog.
             Mangled by a troll (13 damage)
             ... on level 1 of the Orcish Mines.
             The game lasted 01:06:58 (19226 turns).

Lentor the Fighter (Grey Draconian Berserker)      Turns: 19226, Time: 01:06:59

Health: -10/113    AC: 18    Str: 35    XL:     12   Next: 53%
Magic:  10/10      EV: 18    Int:  7    God:    Trog [****..]
Gold:   1362       SH:  0    Dex: 13    Spells: 11/11 levels left

rFire    . . .     SeeInvis .   a - +2 double sword (holy)
rCold    . . .     Gourm    +   (no shield)
rNeg     . . .     Faith    .   (armour unavailable)
rPois    .         Spirit   .   (helmet restricted)
rElec    .         Reflect  .   q - +1 cloak
rCorr    .         Harm     .   G - +1 pair of gloves
MR       +....     Clarity  +   B - +0 pair of boots
Stlth    +++.......             j - amulet of the gourmand
HPRegen  0.28/turn              p - +5 ring of strength
MPRegen  0.12/turn              b - ring of protection from magic

@: mighty, berserk cooldown, slowed, very slow
A: walk through water, unfitting armour, clarity, low mp 1, screaming 1, strong
1, unbreathing, cold-blooded, AC +13
a: Berserk, Trog's Hand, Brothers in Arms, Burn Spellbooks, Renounce Religion


You were on level 1 of the Orcish Mines.
You worshipped Trog.
Trog was greatly pleased with you.
You were not hungry.

You visited 4 branches of the dungeon, and saw 16 of its levels.
You also visited: Ossuary.

You collected 1362 gold pieces.

Inventory:

Hand Weapons
 a - a +2 double sword of holy wrath (weapon)
 E - a +0 hunting sling
Missiles
 c - 139 sling bullets
Armour
 q - a +1 cloak (worn)
 B - a +0 pair of boots (worn)
 G - a +1 pair of gloves (worn)
Jewellery
 b - a ring of protection from magic (right hand)
 j - an amulet of the gourmand (around neck)
 p - a +5 ring of strength (left hand)
 s - an uncursed ring of resist corrosion
 v - an uncursed ring of positive energy
 y - an uncursed amulet of harm
 A - an uncursed ring of flight
 C - an uncursed ring of positive energy
Wands
 m - a wand of iceblast (18)
 n - a wand of polymorph (11)
 D - a wand of acid (10)
 H - a wand of flame (21)
 J - a wand of paralysis (11)
Scrolls
 k - 3 scrolls of teleportation
 l - 8 scrolls of identify
 r - 2 scrolls of magic mapping {unknown}
 u - 6 scrolls of fear
 F - 2 scrolls of remove curse
 L - a scroll of enchant weapon
Potions
 e - 2 potions of might
 g - 2 potions of brilliance
 h - 4 potions of agility
 i - 2 potions of flight
 t - 6 potions of curing
 x - 2 potions of cancellation {unknown}
 z - a potion of magic
 I - 4 potions of degeneration {unknown}
Miscellaneous
 d - a phantom mirror
Comestibles
 f - 8 rations


   Skills:
 + Level 12.4 Fighting
 + Level 11.7 Long Blades
 + Level 5.2 Slings
 + Level 10.7 Dodging
 - Level 5.0 Stealth
 - Level 1.0 Unarmed Combat


You had 11 spell levels left.
You didn't know any spells.

Dungeon Overview and Level Annotations

Branches:
Dungeon (12/15)            Temple (1/1) D:7            Lair (1/6) D:9
    Orc (2/2) D:9
    Elf: Orc:2

Altars:
Ashenzari
Cheibriados
Dithmenos
Elyvilon
Fedhas
Gozag
Hepliaklqana
Kikubaaqudgha
Makhleb
Nemelex Xobeh
Okawaru
Qazlal
Ru
Sif Muna
Trog
Uskayaw
Vehumet
Wu Jian
Xom
Yredelemnul
Zin
The Shining One

Shops:
D:8 %

Annotations:
D:6 Dowan, Duvessa
D:10 exclusion: two-headed ogre
D:12 2 runed doors


Innate Abilities, Weirdness & Mutations

You can walk through water.
Your dull iron-grey scales are very hard. (AC +13)
You cannot fit into any form of body armour.
You can survive without breathing.
You are cold-blooded and may be slowed by cold attacks.
You possess an exceptional clarity of mind.
Your magical capacity is low. (-10% MP)
You occasionally shout uncontrollably at your foes.
Your muscles are strong. (Str +2)


Message History

The troll closely misses you. The troll claws you but does no damage.
The troll closely misses you. The orc warrior misses you.
The troll barely misses you. The troll completely misses you.
The troll claws you.
* * * LOW HITPOINT WARNING * * *
The troll barely misses you.
You riposte.
You barely miss the troll.
Your tail-slap misses the troll.
The troll completely misses you. The troll closely misses you.
The orc warrior throws a tomahawk.
The tomahawk closely misses you. The troll bites you but does no damage.
The troll closely misses you. The troll claws you!
* * * LOW HITPOINT WARNING * * *
It was a potion of mutation.
You feel extremely strange.
You feel stronger.
You feel less energetic.
You feel the urge to shout.
Your thoughts seem clearer.
The orc warrior throws a tomahawk.
The tomahawk barely misses you. The troll barely misses you.
The troll misses you. x2
You feel very mighty all of a sudden. The troll bites you!
You die...

###.......#..............))..
#........##...........#......
#.(.....####........####.....
###......##...........##..[..
#.......##...........##.....
###...........>.............
##................[[......
##.#...T...##....[...#..#
###...o@...##.#.#....###
#........(.#######..###
##.....##(###...##....#
##...##...##...###.... #####
#######...##.##...... ##.#.###
##.#....##'##...#.# ##......##
####......#.#..o...###
#...#....###..#....##.....#....#
##.###...##......#####....###..##


You could see a troll and an orc warrior.

Vanquished Creatures
  5 two-headed ogres
  An orc high priest (Orc:2)
  2 unseen horrors (D:12)
  An orc knight (Orc:2)
  A deep elf mage (D:12)
  2 ugly things
  3 elephants (Lair:1)
  Psyche (D:12)
  A spiny frog (Lair:1)
  The ghost of Ursun the Chiller, a novice DsIE of Vehumet (D:5)
  A komodo dragon (D:12)
  4 trolls
  Prince Ribbit (D:7)
  2 hornets
  5 hippogriffs
  A wyvern (Lair:1)
  9 yaks
  A wraith (D:11)
  A steam dragon (D:9)
  2 hungry ghosts
  3 vampire mosquitoes (D:11)
  Edmund (D:6)
  3 porcupines (Lair:1)
  3 wargs
  A water moccasin (D:9)
  2 ice beasts (D:12)
  2 black bears (D:9)
  7 orc warriors
  A phantom (D:8)
  5 ogres
  A necrophage (D:10)
  10 centaurs
  A crocodile (Lair:1)
  2 big kobolds
  Blork the orc (D:6)
  7 bullfrogs
  A water moccasin zombie (D:7)
  A wyvern skeleton (D:12)
  4 scorpions
  12 killer bees
  2 electric eels (Lair:1)
  A howler monkey (D:12)
  2 crimson imps
  2 centaur zombies (D:6)
  2 bullfrog zombies
  5 hounds
  Crazy Yiuf (D:6)
  2 jellies
  A quasit (D:2)
  8 orc priests
  A human zombie (Ossuary)
  10 orc wizards
  Jessica (D:3)
  3 iguanas
  8 worker ants
  2 big kobold zombies (Ossuary)
  A hound zombie (D:11)
  A howler monkey zombie (D:5)
  2 worker ant zombies (D:5)
  16 adders
  3 gnolls (D:5)
  A howler monkey skeleton (D:4)
  2 oozes
  2 adder zombies
  An adder skeleton (D:6)
  2 worms (D:2)
  A dart slug (D:2)
  10 leopard geckos
  32 orcs
  8 giant cockroaches
  6 goblins
  8 hobgoblins
  10 jackals
  11 kobolds
  4 quokkas
  2 bats
  2 frilled lizards
  11 hobgoblin zombies (Ossuary)
  5 kobold zombies (Ossuary)
  6 orc zombies (Ossuary)
  3 quokka skeletons
  13 rats
327 creatures vanquished.

Vanquished Creatures (collateral kills)
  A two-headed ogre (D:10)
  A manticore (D:11)
  5 yaks (D:10)
  A warg (D:9)
  2 orc warriors (Orc:2)
  An ice beast (D:9)
  A phantom (D:8)
  2 big kobolds
  A scorpion (D:9)
  2 howler monkeys (D:9)
  A centaur zombie (Ossuary)
  An orc priest (D:9)
  A big kobold zombie (Ossuary)
  2 mummies (Ossuary)
  An adder zombie (Ossuary)
  2 orcs (D:9)
  A goblin zombie (Ossuary)
  4 hobgoblin zombies (Ossuary)
  A jackal zombie (Ossuary)
  9 kobolds
  A kobold zombie (Ossuary)
  2 rat zombies (Ossuary)
43 creatures vanquished.

Vanquished Creatures (others)
  2 orcs (D:9)
  6 fungi (D:9)
  2 plants
10 creatures vanquished.

Grand Total: 380 creatures vanquished

Notes
Turn   | Place    | Note
-------+----------+-------------------------------------------
     0 | D:1      | Lentor the Draconian Berserker began the quest for the Orb.
     0 | D:1      | Reached XP level 1. HP: 19/19 MP: 1/1
    64 | D:1      | Reached XP level 2. HP: 25/26 MP: 2/2
   863 | D:2      | Reached XP level 3. HP: 33/33 MP: 3/3
   936 | D:2      | Found a blossoming altar of Fedhas.
   941 | D:2      | Reached XP level 4. HP: 39/40 MP: 4/4
  1093 | D:2      | Reached ** piety under Trog
  1093 | D:2      | Reached skill level 4 in Fighting
  2114 | D:3      | Reached XP level 5. HP: 36/46 MP: 5/5
  2133 | D:3      | Reached skill level 1 in Stealth
  2361 | D:3      | Noticed Jessica
  2368 | D:3      | Killed Jessica
  2773 | D:4      | Found a shattered altar of Ashenzari.
  2775 | D:4      | Found an iron altar of Okawaru.
  2778 | D:4      | Found a snail-covered altar of Cheibriados.
  2890 | D:4      | Noticed an ogre
  3314 | D:4      | Killed an ogre
  3314 | D:4      | Reached skill level 1 in Slings
  3314 | D:4      | Reached XP level 6. HP: 51/53 MP: 6/6
  3889 | D:5      | Entered Level 5 of the Dungeon
  3890 | D:5      | Noticed Ursun's ghost (novice DsIE)
  4135 | D:5      | Killed Ursun's ghost
  4135 | D:5      | Reached skill level 5 in Fighting
  4135 | D:5      | Reached skill level 5 in Long Blades
  4135 | D:5      | Your scales start taking on a dull iron-grey colour.
  4135 | D:5      | Reached XP level 7. HP: 41/61 MP: 7/7
  4135 | D:5      | Gained mutation: You can survive without breathing. [Grey Draconian growth]
  4138 | D:5      | Found a deep blue altar of Sif Muna.
  4308 | D:5      | Reached *** piety under Trog
  4693 | D:5      | Found an opulent altar of Gozag.
  4823 | D:5      | Found an ornate altar of the Wu Jian Council.
  4824 | D:5      | Found a shimmering altar of Xom.
  5203 | D:5      | Reached XP level 8. HP: 69/69 MP: 8/8
  5259 | D:6      | Noticed Blork the orc
  5270 | D:6      | Killed Blork the orc
  5273 | D:6      | Noticed Prince Ribbit
  5403 | D:6      | Reached skill level 5 in Dodging
  5403 | D:6      | Reached skill level 1 in Unarmed Combat
  5520 | D:6      | Found a hide-covered altar of Uskayaw.
  5533 | D:6      | Noticed Edmund
  5550 | D:6      | Killed Edmund
  5550 | D:6      | Reached skill level 6 in Fighting
  5788 | D:6      | Got a bloodstained spear
  5789 | D:6      | Identified the cursed +2 spear of Conformity {pierce, rPois rF+ Str-4 Int+9} (You found it on level 6 of the Dungeon)
  5822 | D:6      | Noticed Duvessa
  5822 | D:6      | Noticed Dowan
  5989 | D:7      | Reached XP level 9. HP: 78/78 MP: 9/9
  6328 | D:7      | Reached skill level 5 in Stealth
  6551 | D:7      | Killed Prince Ribbit
  6551 | D:7      | Reached skill level 7 in Fighting
  6990 | D:7      | Found a staircase to the Ecumenical Temple.
  7011 | Temple   | Entered the Ecumenical Temple
  7609 | D:7      | Identified a scroll of acquirement
  7646 | D:8      | Reached **** piety under Trog
  7829 | D:8      | Found a sand-covered staircase.
  7839 | Ossuary  | Entered an ossuary
  7854 | Ossuary  | Received a gift from Trog
  7969 | Ossuary  | Reached skill level 5 in Slings
  8183 | D:8      | Paralysed by a hornet for 3 turns
  8439 | D:8      | Received a gift from Trog
  8607 | D:8      | Reached skill level 8 in Fighting
  8646 | D:8      | Found Bigilich's Food Shop.
  8840 | D:9      | Reached XP level 10. HP: 74/88 MP: 10/10
  9272 | D:9      | Noticed a two-headed ogre
  9843 | D:9      | Received a gift from Trog
  9844 | D:9      | Found a staircase to the Orcish Mines.
 10021 | D:9      | Reached skill level 9 in Fighting
 10474 | D:9      | Found a staircase to the Lair.
 10896 | D:10     | Entered Level 10 of the Dungeon
 10932 | D:10     | Found a shadowy altar of Dithmenos.
 12251 | D:10     | Noticed a two-headed ogre
 12627 | D:10     | Noticed a two-headed ogre
 12672 | D:10     | Killed a two-headed ogre
 12988 | D:11     | Reached XP level 11. HP: 90/99 MP: 11/11
 13004 | D:11     | Noticed a two-headed ogre
 13016 | D:11     | Killed a two-headed ogre
 13016 | D:11     | Reached skill level 10 in Fighting
 13266 | D:11     | Noticed a cyan ugly thing
 13598 | D:10     | Killed a two-headed ogre
 13881 | Lair:1   | Entered Level 1 of the Lair of Beasts
 13959 | Lair:1   | Reached skill level 10 in Long Blades
 15559 | Lair:1   | Reached skill level 11 in Fighting
 15820 | D:6      | Found a runed door.
 15824 | D:6      | Noticed Crazy Yiuf
 15830 | D:6      | Killed Crazy Yiuf
 15975 | D:9      | Killed a two-headed ogre
 16134 | D:11     | Killed a cyan ugly thing
 16565 | D:12     | Noticed a two-headed ogre
 16592 | D:12     | Killed a two-headed ogre
 16592 | D:12     | Reached skill level 10 in Dodging
 16645 | D:12     | Noticed Psyche
 16676 | D:12     | Killed Psyche
 16676 | D:12     | Reached XP level 12. HP: 110/110 MP: 12/12
 16913 | D:12     | Noticed a fire dragon
 16914 | D:12     | Noticed an ice dragon
 16914 | D:12     | Found a runed door.
 16914 | D:12     | Found a runed door.
 16914 | D:12     | Noticed a fire dragon
 16915 | D:12     | Found the +2 shield of Resistance {rF+ rC+ MR+}
 16915 | D:12     | Noticed an ice dragon
 17203 | D:12     | Received a gift from Trog
 17220 | D:12     | Reached skill level 12 in Fighting
 17607 | D:12     | Noticed a two-headed ogre
 17610 | D:12     | Killed a two-headed ogre
 17661 | D:12     | Paralysed by a hornet for 3 turns
 17825 | Orc:1    | Entered Level 1 of the Orcish Mines
 18698 | Orc:2    | Entered Level 2 of the Orcish Mines
 18760 | Orc:2    | Noticed an orc high priest
 18774 | Orc:2    | Killed an orc high priest
 19224 | Orc:1    | HP: 2/113 [troll (8)]
 19225 | Orc:1    | Gained mutation: Your muscles are strong. (Str +2) [potion of mutation]
 19225 | Orc:1    | Gained mutation: Your magical capacity is low. (-10% MP) [potion of mutation]
 19225 | Orc:1    | Gained mutation: You occasionally shout uncontrollably at your foes. [potion of mutation]
 19225 | Orc:1    | Gained mutation: You possess an exceptional clarity of mind. [potion of mutation]
 19226 | Orc:1    | Mangled by a troll

Skill      XL: |  1  2  3  4  5  6  7  8  9 10 11 12 |
---------------+-------------------------------------+-----
Dodging        | 3 4 5 7 8 10 | 10.7
Fighting       | 4 5 6 8 9 11 12 | 12.4
Long Blades    | 4 5 6 7 9 11 | 11.7
Stealth        | 1 2 3 4 5 |  5.0
Slings         | 1 2 3 5 |  5.2
Unarmed Combat | 1 |  1.0

Action                   |  1- 3 |  4- 6 |  7- 9 | 10-12 || total
-------------------------+-------+-------+-------+-------++-------
Melee: Falchion          |    92 |   180 |       |       ||   272
       Tailslap          |    15 |    27 |    78 |   145 ||   265
       Long sword        |       |     7 |   174 |       ||   181
       Spear             |       |       |   295 |   638 ||   933
       Punch             |       |       |     1 |     4 ||     5
       Double sword      |       |       |       |   200 ||   200
 Fire: Hunting sling     |       |       |       |    15 ||    15
Invok: Trog's Hand       |       |     2 |       |       ||     2
       Berserk           |       |     2 |     3 |    17 ||    22
       Brothers in Arms  |       |       |     3 |     8 ||    11
       Burn Spellbooks   |       |       |       |     2 ||     2
 Abil: Evoke Flight      |       |       |       |     1 ||     1
Evoke: Wand              |       |     1 |       |       ||     1
  Use: Scroll            |       |     5 |    16 |     3 ||    24
       Potion            |       |       |     1 |     8 ||     9
 Stab: Sleeping          |     3 |     3 |     6 |     8 ||    20
       Distracted        |       |       |       |     2 ||     2
  Eat: Ration            |       |     4 |     2 |     9 ||    15
       Chunk             |       |       |    14 |    25 ||    39
Armor: Skin              |    40 |    50 |   180 |   415 ||   685
Dodge: Dodged            |    90 |   144 |   396 |   934 ||  1564
       Rpst.: Falchion   |    22 |    46 |       |       ||    68
       Long sword        |       |     1 |    51 |       ||    52
       Double sword      |       |       |       |    42 ||    42
